 Dungeon Crawl Stone Soup version 0.29.1-1-gd02db6906a (webtiles) character file.

Game seed: 12258044375077159957

99 karrick the Sneak (level 4, -1/21 HPs)
             Began as a Vine Stalker Enchanter on Sept 23, 2022.
             Slain by a gnoll
             ... wielding a +0 whip
              (5 damage)
             ... on level 3 of the Dungeon.
             The game lasted 00:03:09 (2409 turns).

karrick the Sneak (Vine Stalker Enchanter)          Turns: 2409, Time: 00:03:10

Health: -1/21      AC:  2    Str: 11    XL:     4   Next: 72%
Magic:  0/8        EV: 12    Int: 15    God:
Gold:   61         SH:  0    Dex: 16    Spells: 5/8 levels left

rFire   . . .      SeeInvis .   p - +1 short sword (speed)
rCold   . . .      Faith    .   (no shield)
rNeg    . . .      Spirit   +   b - +0 robe
rPois   .          Reflect  .   (no helmet)
rElec   .          Harm     .   (no cloak)
rCorr   .          Rampage  .   (no gloves)
Will    .....                   (no boots)
Stlth   +++.......              (no amulet)
HPRegen 0.87/turn               (no ring)
MPRegen 0.11/turn               (no ring)

@: very slightly contaminated
A: fangs 2, regeneration 1, magic shield, antimagic bite, no potion heal 2
a: no special abilities


You were on level 3 of the Dungeon.
You visited 1 branch of the dungeon, and saw 3 of its levels.

You collected 61 gold pieces.

Inventory:

Hand Weapons
 a - a +1 dagger
 n - a +0 short sword of flaming
 p - a +1 short sword of speed (weapon)
Armour
 b - a +0 robe (worn)
Jewellery
 j - an amulet of regeneration
 l - a ring of willpower
Scrolls
 d - a scroll of immolation {unknown}
 e - 3 scrolls of blinking {unknown}
 f - a scroll of teleportation {unknown}
 g - 2 scrolls of magic mapping {unknown}
 h - a scroll of fear {unknown}
 i - 7 scrolls of identify {unknown}
Potions
 c - 2 potions of invisibility
 k - a potion of heal wounds {unknown}
 m - a potion of ambrosia {unknown}
 o - a potion of lignification {unknown}


   Skills:
 + Level 0.4 Fighting
 + Level 1.3 Short Blades
 + Level 1.8 Dodging
 + Level 4.9 Stealth
 + Level 2.6 Spellcasting
 + Level 3.9 Hexes


You had 5 spell levels left.
You knew the following spells:

 Your Spells              Type           Power      Damage    Failure   Level
a - Confusing Touch       Hex            13%        N/A       13%         3

Your spell library contained the following spells:

 Spells                   Type           Power      Damage    Failure   Level
 Tukima's Dance           Hex            13%        N/A       13%         3
 Ensorcelled Hibernation  Hex/Ice        14%        N/A       14%         2
 Apportation              Tloc           2%         N/A       22%         1
 Necrotise                Necr           4%         1d4       22%         1
 Summon Small Mammal      Summ           4%         N/A       22%         1
 Dazzling Flash           Conj/Hex       14%        N/A       28%         3


Dungeon Overview and Level Annotations

Branches:
Dungeon (3/15)

Altars:
Wu Jian


Innate Abilities, Weirdness & Mutations

You have extremely sharp teeth.
Your natural rate of healing is unusually fast.
When hurt, damage is shared between your health and your magic reserves.
Your bite disrupts and absorbs the magic of your enemies.
Potions cannot restore your health.


Message History

You puncture the giant cockroach!
You kill the giant cockroach!
No target in view!
You see here a giant cockroach corpse.
Found a stone staircase leading up.
There is a stone staircase leading up here.
You see here a giant cockroach corpse.
e - 3 scrolls labelled UBINUT BOGUFEO (gained 1)
A gnoll comes into view. It is wielding a +0 whip.
A gnoll is nearby!
A gnoll comes into view. It is wielding a +0 whip.
The gnoll shouts! x2; You hear a shout!
The gnoll hits you with a +0 whip.
A gnoll comes into view. It is wielding a +0 spear.
The gnoll shouts!
You hit the gnoll.
The gnoll is lightly wounded.
The gnoll hits you with a +0 whip. The gnoll hits you but does no damage.
The gnoll attacks as you move away! The gnoll hits you with a +0 whip.
The gnoll attacks as you move away! The gnoll hits you with a +0 whip.
The gnoll attacks as you move away! The gnoll hits you with a +0 whip.
Casting: Confusing Touch (extremely dangerous; 13% risk of failure)
Confirm with . or Enter, or press ? or * to list all spells.
The spell is extremely dangerous to miscast (13% risk of failure)!
Continue anyway?
You miscast Confusing Touch.
You are very lightly contaminated with residual magic.
Nothing appears to happen.
The gnoll closely misses you.
You hit the gnoll. You punch the gnoll, but do no damage.
Your bite misses the gnoll.
The gnoll is moderately wounded.
The gnoll hits you with a +0 whip!
* * * LOW HITPOINT WARNING * * *
You hit the gnoll. You bite the gnoll. You drain its power.
You feel invigorated.
The gnoll is heavily wounded.
You hit the gnoll but do no damage.
The gnoll is heavily wounded.
The gnoll closely misses you. The gnoll attacks as you move away!
The gnoll hits you with a +0 whip!
You die...

#.# ..# .# #.#
#.####.###.### #.#
#.#........... ####.#
#.#...........
#.##....#
#.#...........
#.....g.#
###.#...........
####.##.#
#...#........... #
#.####.##............
#ggg@...#............
#.#######.###.#######
#########.# #.#####
.........# #.....#
.######### #####.#
#.# #.### #.... #####


You could see 3 gnolls.

Vanquished Creatures
  An iguana (D:3)
  4 adders (D:2)
  3 worms (D:2)
  2 bats
  2 endoplasms
  2 giant cockroaches
  A goblin (D:1)
  2 hobgoblins
  2 jackals (D:1)
  2 ball pythons (D:2)
  A frilled lizard (D:1)
  5 kobolds
  5 rats
32 creatures vanquished.

Notes
Turn   | Place    | Note
-------+----------+-------------------------------------------
     0 | D:1      | karrick the Vine Stalker Enchanter began the quest for the
                  | Orb.
     0 | D:1      | Reached XP level 1. HP: 9/9 MP: 4/4
   844 | D:1      | Reached XP level 2. HP: 13/13 MP: 6/6
  1335 | D:2      | Reached skill level 1 in Short Blades
  1335 | D:2      | Reached skill level 4 in Stealth
  1335 | D:2      | Reached XP level 3. HP: 16/16 MP: 7/7
  1486 | D:2      | Learned a level 3 spell: Confusing Touch
  1622 | D:2      | Found a faded altar of an unknown god.
  1836 | D:2      | Gained mutation: Your natural rate of healing is unusually
                  | fast. [Vine Stalker growth]
  1836 | D:2      | Reached XP level 4. HP: 11/21 MP: 8/8
  2195 | D:3      | Found an ornate altar of the Wu Jian Council.
  2409 | D:3      | Slain by a gnoll

Illustrated notes

Levels and vault maps discovered:
D:1:      saegor_arrival_fortress, layout_loops_ring, minmay_strange_pillars,
          due_unseen_surprise
D:2:      layout_loops_ring, dreamdust_ecumenical_altar_statues,
          minmay_pentomino_t4
D:3:      layout_basic, mainiacjoe_overflow_small_starburst,
          mainiacjoe_overflow_paths, serial_shops, shop

Skill      XL: |  1  2 |
---------------+-------+-----
Short Blades   | 1 |  1.3
Stealth        | 4 |  4.9
Fighting       | |  0.4
Dodging        | |  1.8
Spellcasting   | |  2.6
Hexes          | |  3.9

Action                   |  1- 3 |  4- 6 || total
-------------------------+-------+-------++-------
Melee: Dagger            |    66 |    35 ||   101
       Bite              |    14 |    14 ||    28
       Short sword       |       |     5 ||     5
       Punch             |       |     1 ||     1
 Cast: Confusing Touch   |     2 |     2 ||     4
 Stab: Sleeping          |     9 |     1 ||    10
       Confused          |       |     1 ||     1
Armor: Robe              |    10 |     7 ||    17
Dodge: Dodged            |    26 |    16 ||    42
